 Dungeon Crawl Stone Soup version 0.23.2-1-ga50397a (webtiles) character file.

Game seed: 5225278136980737404

303 MoralSupport the Grave Robber (level 6, -4/49 (50) HPs)
             Began as a Ghoul Necromancer on May 31, 2019.
             Slain by Menkaure (17 damage)
             ... on level 4 of the Dungeon.
             The game lasted 00:32:37 (6328 turns).

MoralSupport the Grave Robber (Ghoul Necromancer)   Turns: 6328, Time: 00:32:38

HP:   -4/49 (50)    AC:  3    Str: 12    XL:     6   Next: 38%
MP:   10/10         EV: 12    Int: 12    God:
Gold: 68            SH:  0    Dex:  9    Spells: 10/12 levels left

rFire    . . .     SeeInvis .   (no weapon)
rCold    + . .     Gourm    .   (no shield)
rNeg     + + +     Faith    .   a - +0 robe
rPois    ∞         Spirit   .   b - +0 hat
rElec    .         Reflect  .   h - +0 cloak
rCorr    .         Harm     .   (no gloves)
MR       .....                  (no boots)
Stlth    ++........             (no amulet)
HPRegen  0.00/turn              j - ring of positive energy
MPRegen  0.12/turn              (no ring)

@: rotting
A: rotting body, claws 1, carnivore, cold resistance 1, negative energy
resistance 3, inhibited regeneration, torment resistance, unbreathing
a: no special abilities


You were on level 4 of the Dungeon.
You were not hungry.

You visited 1 branch of the dungeon, and saw 4 of its levels.

You collected 68 gold pieces.

Inventory:

Armour
 a - a +0 robe (worn)
 b - a +0 hat (worn)
 h - a +0 cloak (worn)
Jewellery
 j - a ring of positive energy (left claw)
Scrolls
 d - 2 scrolls of enchant armour {unknown}
 f - 4 scrolls of identify {unknown}
 i - 3 scrolls of remove curse {unknown}
 k - a scroll of fear {unknown}
 p - a scroll of magic mapping {unknown}
 q - a scroll of amnesia {unknown}
Potions
 e - 2 potions of haste {unknown}
 g - 2 potions of curing {unknown}
 l - a potion of brilliance {unknown}
 m - a potion of might {unknown}
 n - 2 potions of magic {unknown}
 o - a potion of resistance {unknown}
Comestibles
 c - 10 rations
 r - 2 chunks of flesh


   Skills:
 * Level 2.4 Fighting
 * Level 1.9 Dodging
 - Level 2.2 Stealth
 + Level 0.7 Unarmed Combat
 + Level 3.6 Spellcasting
 + Level 5.6 Necromancy


You had 10 spell levels left.
You knew the following spells:

 Your Spells              Type           Power        Failure   Level  Hunger
a - Pain                  Necr           ###.         2%          1    #......
b - Animate Skeleton      Necr           N/A          2%          1    #......

Your spell library contained the following spells:

 Spells                   Type           Power        Failure   Level  Hunger
 Vampiric Draining        Necr           ###.......   7%          3    ###....
 Regeneration             Chrm/Necr      #.........   22%         3    ###....
 Animate Dead             Necr           N/A          22%         4    #####..


Dungeon Overview and Level Annotations

Branches:
Dungeon (4/15)
 Temple: D:4-7

Altars:
Ashenzari
Hepliaklqana
Makhleb
Trog
Xom

Shops:
D:4 :!

Annotations:
D:3 exclusion: 2 downstairs
D:4 exclusions: 2 upstairs and 2 more exclusions, Menkaure


Innate Abilities, Weirdness & Mutations

Your body is rotting away.
You thrive on raw meat.
You are immune to poison.
You have sharp fingernails.
You are carnivorous and can eat meat at any time.
Your flesh is cold resistant. (rC+)
You are immune to negative energy. (rN+++)
You do not regenerate when monsters are visible.
You are immune to unholy pain and torment.
You can survive without breathing.


Message History

Menkaure mumbles some strange words.
Menkaure seems to speed up.
The ogre barely misses you. Menkaure hits you!
As you open the door, it creaks loudly! Menkaure hits you.
The ogre hits you with a +0 giant spiked club!
There is an open door here.
Menkaure hits you!
* * * LOW HITPOINT WARNING * * *
You feel your flesh rotting away. Menkaure closely misses you.
Menkaure closely misses you. Menkaure completely misses you.
Menkaure is no longer moving quickly.
Menkaure casts a spell.
Menkaure seems to speed up.
Really walk into a travel-excluded area?
Menkaure mumbles in an indecipherable tongue.
Menkaure hits you!
You die...

#......#.######
#..#####.##
#.........#
#...####..########
#...#..#..........
#O.....#.#########
#..##.##.#
#M.##.##.#
#####@.##.##.#
#.........##.#
#.###.....##.#
#...<........###
####......##...# #
#.......##...+ ?#
#.....####...####.##
#.....# #..........
#.....# #......#.##


You could see an ogre and Menkaure.

Vanquished Creatures
  A scorpion (D:4)
  Terence (D:2)
  An iguana (D:3)
  3 gnolls (D:2)
  10 adders
  4 worms
  A dart slug (D:3)
  3 orcs
  A ball python (D:1)
  3 giant cockroaches
  7 goblins
  4 hobgoblins
  6 jackals
  2 quokkas
  3 bats
  4 frilled lizards
  3 kobolds (D:1)
  10 rats
67 creatures vanquished.

Vanquished Creatures (collateral kills)
  Jessica (D:2)
  An adder (D:2)
  An orc (D:3)
  A giant cockroach (D:1)
  2 kobolds
  A rat (D:2)
7 creatures vanquished.

Grand Total: 74 creatures vanquished

Notes
Turn   | Place    | Note
-------+----------+-------------------------------------------
     0 | D:1      | MoralSupport the Ghoul Necromancer began the quest for the
                  | Orb.
     0 | D:1      | Reached XP level 1. HP: 14/14 MP: 2/2
   646 | D:1      | Learned a level 1 spell: Animate Skeleton
   658 | D:1      | Reached XP level 2. HP: 20/20 MP: 2/4
  1465 | D:2      | Reached XP level 3. HP: 27/27 MP: 3/5
  2155 | D:2      | Reached skill level 1 in Fighting
  2155 | D:2      | Reached XP level 4. HP: 27/35 MP: 1/6
  2253 | D:2      | Noticed Jessica
  2265 | D:2      | Killed Jessica
  2288 | D:2      | Found a shattered altar of Ashenzari.
  2327 | D:2      | Reached skill level 5 in Necromancy
  2546 | D:2      | Noticed Terence
  2826 | D:2      | Killed Terence
  2826 | D:2      | Reached XP level 5. HP: 27/40 MP: 0/8
  3165 | D:2      | You fall through a shaft!
  3795 | D:3      | Found a burning altar of Makhleb.
  3922 | D:3      | Noticed a moth of wrath
  3925 | D:3      | Found a bloodstained altar of Trog.
  5490 | D:3      | Reached XP level 6. HP: 46/46 MP: 3/10
  5550 | D:4      | Noticed Menkaure
  5666 | D:4      | Found Cahuir's Book Boutique.
  5903 | D:4      | Found a hazy altar of Hepliaklqana.
  5904 | D:4      | Found a shimmering altar of Xom.
  5904 | D:4      | Noticed a death ooze
  5905 | D:4      | Noticed a death ooze
  5905 | D:4      | Noticed a spectral ugly thing
  5926 | D:4      | Found Hostrit's Distillery.
  6328 | D:4      | Slain by Menkaure

Skill      XL: |  1  2  3  4  5 |
---------------+----------------+-----
Spellcasting   | 2 3 |  3.6
Fighting       | 1 2 |  2.4
Necromancy     | 5 |  5.6
Dodging        | |  1.9
Stealth        | |  2.2
Unarmed Combat | |  0.7

Action                   |  1- 3 |  4- 6 || total
-------------------------+-------+-------++-------
Melee: Unarmed           |    15 |    58 ||    73
 Cast: Pain              |    60 |   136 ||   196
       Animate Skeleton  |     7 |    12 ||    19
  Eat: Chunk             |    10 |    18 ||    28
       Ration            |       |     1 ||     1
Armor: Robe              |     7 |    26 ||    33
Dodge: Dodged            |    27 |    65 ||    92
